 Dungeon Crawl Stone Soup version 0.29.1-2-gbd0b4ee654 (webtiles) character file.

Game seed: 14237035968964601249

224 Icepheonix32 the Insei (level 5, -3/40 HPs)
             Began as a Demigod Transmuter on Nov 4, 2022.
             Splashed by a jelly's acid (4 damage)
             ... on level 5 of the Dungeon.
             The game lasted 00:04:21 (4964 turns).

Icepheonix32 the Insei (Demigod Transmuter)         Turns: 4964, Time: 00:04:21

Health: -3/40      AC:  2    Str: 11    XL:     5   Next: 39%
Magic:  10/11      EV: 12    Int: 19    God:
Gold:   208        SH:  0    Dex: 14    Spells: 5/9 levels left

rFire   . . .      SeeInvis .     - Unarmed
rCold   . . .      Faith    .   (no shield)
rNeg    + . .      Spirit   .   a - +0 robe
rPois   .          Reflect  .   (helmet currently unavailable)
rElec   .          Harm     .   (no cloak)
rCorr   .          Rampage  .   (no gloves)
Will    +....                   (boots currently unavailable)
Stlth   +.........              (no amulet)
HPRegen 0.13/turn               d - ring of positive energy
MPRegen 0.12/turn               m - ring of willpower

@: appendages
A: horns 2, talons 2, high MP 1, forlorn, divine attributes
a: End Transformation


You were on level 5 of the Dungeon.
You had temporarily grown beastly horns and talons.
You visited 1 branch of the dungeon, and saw 4 of its levels.

You collected 208 gold pieces.

Inventory:

Armour
 a - a +0 robe (worn)
 g - a +0 helmet (melded)
Jewellery
 d - a ring of positive energy (left hand)
 m - a ring of willpower (right hand)
Wands
 p - a wand of mindburst (12)
Scrolls
 f - 3 scrolls of blinking
 h - 7 scrolls of teleportation
 i - a scroll of immolation {unknown}
 k - 5 scrolls of identify {unknown}
 l - a scroll of amnesia {unknown}
 n - a scroll of poison {unknown}
 o - a scroll of enchant armour {unknown}
 r - a scroll of fear {unknown}
Potions
 c - 3 potions of flight {unknown}
 j - a potion of mutation {unknown}
 q - a potion of magic {unknown}
 s - a potion of haste {unknown}


   Skills:
 + Level 1.1 Fighting
 + Level 2.5 Dodging
 + Level 3.8 Unarmed Combat
 + Level 2.6 Spellcasting
 * Level 3.1 Transmutations
 * Level 1.3 Poison Magic


You had 5 spell levels left.
You knew the following spells:

 Your Spells              Type           Power      Damage    Failure   Level
a - Beastly Appendage     Tmut           28%        N/A       4%          1
b - Spider Form           Tmut/Pois      10%        N/A       19%         3

Your spell library contained the following spells:

 Spells                   Type           Power      Damage    Failure   Level
 Wereblood                Tmut           14%        N/A       7%          2
 Sublimation of Blood     Necr           2%         N/A       24%         2
 Gell's Gravitas          Tloc           2%         N/A       43%         3
 Lesser Beckoning         Tloc           2%         N/A       43%         3
 Teleport Other           Tloc           2%         N/A       43%         3
 Ice Form                 Ice/Tmut       8%         N/A       63%         4
 Iskenderun's Battlesphe  Conj           2%         2d6       99%         5
 Dispersal                Tloc           1%         N/A       100%        6
 Iron Shot                Conj/Erth      1%         9d1       100%        6
 Spellforged Servitor     Conj/Summ      1%         N/A       100%        7
 Summon Hydra             Summ           1%         N/A       100%        7


Dungeon Overview and Level Annotations

Branches:
Dungeon (3/15)             Temple (0/1) D:5


Innate Abilities, Weirdness & Mutations

You have temporarily grown beastly horns and talons.
You have an increased reservoir of magic. (+10% MP)
You shall have no god before yourself.
Your divine heritage dramatically boosts your attributes as you level up.


Message History

The ufetubus is heavily wounded.
The ufetubus closely misses you. The ufetubus hits you.
* * * LOW HITPOINT WARNING * * *
You closely miss the ufetubus.
The ufetubus is heavily wounded.
The ufetubus closely misses you. The ufetubus hits you.
* * * LOW HITPOINT WARNING * * *
The ufetubus hits you.
* * * LOW HITPOINT WARNING * * *
The ufetubus hits you.
* * * LOW HITPOINT WARNING * * *
You hit the ufetubus but do no damage.
You claw the ufetubus, but do no damage.
The ufetubus is heavily wounded.
The ufetubus hits you but does no damage.
The ufetubus barely misses you.
You hit the ufetubus.
You kill the ufetubus!
Unknown command.
Your transformation is almost over.
Your horns disappear.
Your talons disappear.
Your +0 helmet unmelds from your body.
A jelly comes into view.
A jelly is nearby!
A jelly is nearby!
The jelly quivers.
Sorry, you're not good enough to have a special ability.
Casting: Beastly Appendage (safe; 4% risk of failure)
Confirm with . or Enter, or press ? or * to list all spells.
You grow a pair of large bovine horns.
Your feet morph into talons.
Your +0 helmet melds into your body.
The jelly hits you but does no damage.
You hit the jelly.
Your hands burn!
The jelly is moderately wounded.
The jelly hits you.
* * * LOW HITPOINT WARNING * * *
You are splashed with acid!
* * * LOW HITPOINT WARNING * * *
Unknown command.
You hit the jelly.
Your hands burn!
You die...

#### .# #... .#
###.#. #[.#
#..... ... ....
##.#...##.##....
...............
#........## .#
#...J#..#..#
.....##@#..#J.#
... #......# .
####.#####..
###.........
#....####.#.
##.##.#
#..##.####
#.#####..# #.#
#..#


You could see a jelly.

Vanquished Creatures
  A wight (D:5)
  A hound (D:5)
  Ijyb (D:3)
  3 adders
  A white imp (D:5)
  An ufetubus (D:5)
  2 worms (D:2)
  2 dart slugs (D:1)
  3 orcs (D:3)
  8 ball pythons
  4 endoplasms
  4 giant cockroaches
  8 goblins
  4 hobgoblins
  3 jackals
  5 kobolds
  4 quokkas
  3 bats (D:1)
  3 frilled lizards
  2 rats (D:1)
63 creatures vanquished.

Vanquished Creatures (others)
  A plant (D:3)
1 creature vanquished.

Grand Total: 64 creatures vanquished

Notes
Turn   | Place    | Note
-------+----------+-------------------------------------------
     0 | D:1      | Icepheonix32 the Demigod Transmuter began the quest for the
                  | Orb.
     0 | D:1      | Reached XP level 1. HP: 15/15 MP: 5/5
   791 | D:1      | Reached XP level 2. HP: 22/22 MP: 5/7
  1983 | D:2      | Reached XP level 3. HP: 25/27 MP: 6/8
  2250 | D:2      | Learned a level 3 spell: Spider Form
  3339 | D:3      | Noticed Ijyb
  3354 | D:3      | Killed Ijyb
  3560 | D:3      | Reached XP level 4. HP: 19/34 MP: 10/10
  4697 | D:3      | You fall into a shaft and drop 2 floors!
  4697 | D:5      | Entered Level 5 of the Dungeon
  4710 | D:5      | Reached skill level 1 in Fighting
  4710 | D:5      | Reached skill level 1 in Poison Magic
  4724 | D:5      | Found a staircase to the Ecumenical Temple.
  4737 | D:5      | Reached XP level 5. HP: 40/40 MP: 11/11
  4963 | D:5      | HP: 1/40 [acid (10)]
  4964 | D:5      | Splashed by a jelly's acid

Illustrated notes

Levels and vault maps discovered:
D:1:      dpeg_arrival_brainrot, layout_basic,
          nicolae_ecumenical_snake_handling, minmay_split_cup_large
D:2:      layout_basic
D:3:      cheibrodos_old_hovel, layout_loops_corners,
          nicolae_overflow_hidden_temple, uniq_ijyb
D:5:      layout_basic, mainiacjoe_overflow_cross_hatched,
          mainiacjoe_overflow_divided_tiny, temple_doors_e, uniq_sigmund

Skill      XL: |  1  2  3  4 |
---------------+-------------+-----
Transmutations | 2 3 |  3.1
Spellcasting   | 2 |  2.6
Dodging        | 2 |  2.5
Unarmed Combat | 3 |  3.8
Fighting       | 1 |  1.1
Poison Magic   | 1 |  1.3

Action                   |  1- 3 |  4- 6 || total
-------------------------+-------+-------++-------
Melee: Unarmed           |   133 |    80 ||   213
       Kick              |    19 |    23 ||    42
       Headbutt          |    13 |     3 ||    16
       Punch             |     2 |     2 ||     4
 Cast: Beastly Appendage |    25 |    15 ||    40
  Use: Potion            |     2 |     2 ||     4
       Scroll            |       |     2 ||     2
 Stab: Sleeping          |     2 |       ||     2
Armor: Robe              |    15 |    10 ||    25
       Skin              |    19 |     1 ||    20
Dodge: Dodged            |    74 |    39 ||   113
